3059 views
Uploaded 2020-02-09 15:44:41
Game version 1.32 / 1.32.1
25:24 long 3on3 ladder game on (6)BloodstoneMesa_LV
Saved by iggythefisk
3059 views
Uploaded 2020-02-09 15:44:41
Game version 1.32 / 1.32.1
25:24 long 3on3 ladder game on (6)BloodstoneMesa_LV


91 units @ 7.8k
/ 0.4k
219 buildings @ 13.8k
/ 7.6k



| Scroll of Regeneration | 1 | 100 |
| Staff of Sanctuary | 3 | 750 |
| Orb of Fire | 2 | 650 |
| Staff of Teleportation | 3 | 450 |
| Boots of Speed | 2 | 500 |
| Periapt of Vitality | 1 | 325 |
| Healing Salve | 2 | 200 |
| total: | 14 | 2975g |
| Peasant | 37 | 2775 | / | 0 |
| total: | 37 | 2775g | / | 0w |
| Scout Tower | 116 | 3480 | / | 2320 |
| Guard Tower | 33 | 2310 | / | 1650 |
| Arcane Tower | 2 | 140 | / | 100 |
| Altar of Kings | 1 | 180 | / | 50 |
| Farm | 4 | 320 | / | 80 |
| Lumber Mill | 1 | 120 | / | 0 |
| Town Hall | 4 | 1540 | / | 820 |
| Arcane Vault | 3 | 390 | / | 90 |
| Keep | 1 | 320 | / | 210 |
| Castle | 1 | 360 | / | 210 |
| total: | 129 | 6030g | / | 3360w |
| 0:01 | Peasant |
| 0:04 | Altar of Kings |
| 0:14 | Peasant |
| 0:16 | Farm |
| 0:22 | Peasant |
| 0:33 | Lumber Mill |
| 0:37 | Peasant |
| 0:46 | Peasant |
| 1:01 | Farm |
| 1:04 | Peasant |
| 1:25 | Peasant |
| 1:35 | Peasant |
| 1:38 | Scout Tower |
| 1:43 | Scout Tower |
| 1:52 | Peasant |
| 2:01 | Peasant |
| 2:09 | Blizzard |
| 2:11 | Guard Tower |
| 2:12 | Arcane Tower |
| 2:16 | Peasant |
| 2:51 | Brilliance Aura |
| 2:55 | Peasant |
| 2:55 | Peasant |
| 3:18 | Town Hall |
| 3:21 | Town Hall |
| 3:23 | Peasant |
| 3:38 | Scout Tower |
| 3:42 | Peasant |
| 3:43 | Peasant |
| 3:48 | Healing Salve |
| 4:00 | Peasant |
| 4:03 | Scout Tower |
| 4:03 | Scout Tower |
| 4:05 | Improved Masonry |
| 4:07 | Peasant |
| 4:08 | Arcane Tower |
| 4:27 | Farm |
| 4:29 | Staff of Teleportation |
| 4:47 | Peasant |
| 4:49 | Guard Tower |
| 5:05 | Peasant |
| 5:06 | Guard Tower |
| 5:08 | Peasant |
| 5:31 | Blizzard |
| 5:37 | Peasant |
| 6:09 | Peasant |
| 6:26 | Peasant |
| 6:28 | Keep |
| 6:29 | Peasant |
| 6:29 | Peasant |
| 6:35 | Scout Tower |
| 6:36 | Scout Tower |
| 6:37 | Scout Tower |
| 6:37 | Scout Tower |
| 6:38 | Scout Tower |
| 6:38 | Scout Tower |
| 7:04 | Scout Tower |
| 7:05 | Scout Tower |
| 7:08 | Peasant |
| 7:08 | Peasant |
| 7:10 | Scout Tower |
| 7:10 | Scout Tower |
| 7:48 | Guard Tower |
| 7:52 | Scout Tower |
| 7:54 | Scout Tower |
| 7:54 | Scout Tower |
| 7:55 | Scout Tower |
| 7:55 | Scout Tower |
| 7:55 | Scout Tower |
| 7:58 | Peasant |
| 7:58 | Peasant |
| 7:59 | Guard Tower |
| 8:20 | Healing Salve |
| 8:27 | Scout Tower |
| 8:28 | Scout Tower |
| 8:29 | Scout Tower |
| 8:29 | Scout Tower |
| 8:44 | Peasant |
| 8:45 | Peasant |
| 8:50 | Advanced Masonry |
| 8:50 | Improved Lumber Harvesting |
| 9:21 | Guard Tower |
| 9:23 | Scout Tower |
| 9:30 | Scout Tower |
| 9:32 | Scout Tower |
| 9:37 | Scout Tower |
| 9:38 | Scout Tower |
| 9:39 | Scout Tower |
| 9:40 | Scout Tower |
| 9:42 | Peasant |
| 9:44 | Castle |
| 9:46 | Storm Bolt |
| 9:51 | Guard Tower |
| 9:55 | Scout Tower |
| 9:56 | Scout Tower |
| 9:57 | Scout Tower |
| 10:00 | Scout Tower |
| 10:00 | Scout Tower |
| 10:01 | Scout Tower |
| 10:01 | Scout Tower |
| 10:15 | Guard Tower |
| 10:17 | Scout Tower |
| 10:17 | Scout Tower |
| 10:18 | Scout Tower |
| 10:20 | Guard Tower |
| 10:21 | Scout Tower |
| 10:21 | Scout Tower |
| 10:22 | Scout Tower |
| 10:22 | Scout Tower |
| 10:32 | Staff of Teleportation |
| 10:33 | Boots of Speed |
| 10:46 | Guard Tower |
| 10:48 | Guard Tower |
| 10:50 | Scout Tower |
| 10:50 | Scout Tower |
| 10:51 | Scout Tower |
| 10:51 | Scout Tower |
| 10:54 | Peasant |
| 10:54 | Peasant |
| 11:00 | Guard Tower |
| 11:04 | Scout Tower |
| 11:05 | Scout Tower |
| 11:06 | Scout Tower |
| 11:08 | Guard Tower |
| 11:20 | Scout Tower |
| 11:21 | Scout Tower |
| 11:22 | Scout Tower |
| 11:23 | Scout Tower |
| 11:36 | Bash |
| 11:36 | Guard Tower |
| 11:44 | Guard Tower |
| 12:12 | Guard Tower |
| 12:13 | Guard Tower |
| 12:59 | Guard Tower |
| 13:04 | Farm |
| 13:05 | Imbued Masonry |
| 13:05 | Advanced Lumber Harvesting |
| 13:09 | Arcane Vault |
| 13:10 | Arcane Vault |
| 13:19 | Arcane Vault |
| 13:22 | Scout Tower |
| 13:22 | Scout Tower |
| 13:23 | Scout Tower |
| 13:55 | Guard Tower |
| 14:30 | Scout Tower |
| 14:32 | Scout Tower |
| 14:32 | Scout Tower |
| 14:35 | Brilliance Aura |
| 15:08 | Scroll of Regeneration |
| 15:10 | Staff of Sanctuary |
| 15:14 | Guard Tower |
| 15:17 | Scout Tower |
| 15:18 | Scout Tower |
| 15:18 | Scout Tower |
| 15:20 | Scout Tower |
| 15:20 | Scout Tower |
| 15:21 | Scout Tower |
| 15:25 | Guard Tower |
| 15:29 | Scout Tower |
| 15:30 | Scout Tower |
| 15:30 | Scout Tower |
| 15:33 | Guard Tower |
| 15:37 | Scout Tower |
| 15:38 | Scout Tower |
| 15:38 | Scout Tower |
| 15:38 | Scout Tower |
| 15:39 | Scout Tower |
| 15:40 | Scout Tower |
| 15:40 | Scout Tower |
| 15:41 | Scout Tower |
| 15:45 | Holy Light |
| 15:49 | Staff of Sanctuary |
| 15:54 | Staff of Sanctuary |
| 16:05 | Guard Tower |
| 16:08 | Town Hall |
| 16:11 | Scout Tower |
| 16:11 | Scout Tower |
| 16:11 | Scout Tower |
| 16:33 | Guard Tower |
| 16:35 | Scout Tower |
| 16:36 | Scout Tower |
| 16:36 | Scout Tower |
| 16:50 | Boots of Speed |
| 17:28 | Storm Bolt |
| 17:39 | Staff of Teleportation |
| 17:40 | Periapt of Vitality |
| 17:48 | Guard Tower |
| 17:52 | Town Hall |
| 18:00 | Scout Tower |
| 18:00 | Scout Tower |
| 18:01 | Scout Tower |
| 18:02 | Scout Tower |
| 18:03 | Scout Tower |
| 18:03 | Scout Tower |
| 18:04 | Scout Tower |
| 18:05 | Scout Tower |
| 18:12 | Guard Tower |
| 18:13 | Guard Tower |
| 18:14 | Guard Tower |
| 18:16 | Scout Tower |
| 18:16 | Scout Tower |
| 18:17 | Scout Tower |
| 18:46 | Guard Tower |
| 19:35 | Guard Tower |
| 19:37 | Scout Tower |
| 19:37 | Scout Tower |
| 19:38 | Scout Tower |
| 19:39 | Scout Tower |
| 19:41 | Scout Tower |
| 19:42 | Scout Tower |
| 19:42 | Scout Tower |
| 20:08 | Divine Shield |
| 20:50 | Guard Tower |
| 20:53 | Scout Tower |
| 20:53 | Scout Tower |
| 20:54 | Scout Tower |
| 20:54 | Scout Tower |
| 20:55 | Scout Tower |
| 20:55 | Scout Tower |
| 20:57 | Scout Tower |
| 20:58 | Scout Tower |
| 20:58 | Scout Tower |
| 21:03 | Peasant |
| 21:03 | Peasant |
| 22:44 | Guard Tower |
| 22:59 | Orb of Fire |
| 23:16 | Orb of Fire |
| 23:27 | Scout Tower |
| 23:27 | Scout Tower |
| 23:28 | Scout Tower |
| 23:39 | Blizzard |
| 24:53 | Bash |
| 25:04 | Holy Light |
| Right click | 1354 |
| Select | 710 |
| Select group | 468 |
| Build/train/purchase | 121 |
| Assign group | 100 |
| Chat | 80 |
| Use ability | 70 |
| Misc. action | 15 |
| Minimap ping | 3 |
| Item give/drop | 2 |
| Remove unit | 2 |



| Lesser Clarity Potion | 4 | 280 |
| Staff of Sanctuary | 3 | 750 |
| Orb of Fire | 1 | 325 |
| Boots of Speed | 3 | 750 |
| Staff of Teleportation | 3 | 450 |
| Periapt of Vitality | 1 | 325 |
| Circlet of Nobility | 1 | 175 |
| Healing Salve | 7 | 700 |
| Orb of Lightning | 2 | 750 |
| total: | 25 | 4505g |
| Peasant | 28 | 2100 | / | 0 |
| Priest | 3 | 405 | / | 30 |
| total: | 31 | 2505g | / | 30w |
| Scout Tower | 45 | 1350 | / | 900 |
| Arcane Tower | 6 | 420 | / | 300 |
| Guard Tower | 20 | 1400 | / | 1000 |
| Altar of Kings | 1 | 180 | / | 50 |
| Farm | 4 | 320 | / | 80 |
| Lumber Mill | 1 | 120 | / | 0 |
| Town Hall | 2 | 770 | / | 410 |
| Arcane Vault | 4 | 520 | / | 120 |
| Arcane Sanctum | 1 | 150 | / | 140 |
| Keep | 1 | 320 | / | 210 |
| Castle | 1 | 360 | / | 210 |
| total: | 58 | 3410g | / | 1700w |
| 0:01 | Peasant |
| 0:03 | Altar of Kings |
| 0:12 | Farm |
| 0:13 | Peasant |
| 0:25 | Peasant |
| 0:37 | Lumber Mill |
| 0:40 | Peasant |
| 0:45 | Farm |
| 0:55 | Peasant |
| 1:02 | Scout Tower |
| 1:06 | Peasant |
| 1:19 | Scout Tower |
| 1:29 | Peasant |
| 1:38 | Peasant |
| 1:39 | Arcane Tower |
| 1:40 | Peasant |
| 1:53 | Peasant |
| 1:58 | Improved Masonry |
| 2:10 | Blizzard |
| 2:11 | Peasant |
| 2:27 | Peasant |
| 2:35 | Arcane Tower |
| 2:36 | Scout Tower |
| 2:36 | Scout Tower |
| 2:59 | Peasant |
| 3:00 | Peasant |
| 3:02 | Scout Tower |
| 3:37 | Keep |
| 3:55 | Healing Salve |
| 4:01 | Guard Tower |
| 4:02 | Scout Tower |
| 4:02 | Scout Tower |
| 4:30 | Guard Tower |
| 5:22 | Guard Tower |
| 5:24 | Scout Tower |
| 5:25 | Scout Tower |
| 6:20 | Castle |
| 6:22 | Advanced Masonry |
| 6:22 | Improved Lumber Harvesting |
| 6:24 | Farm |
| 6:24 | Farm |
| 6:27 | Healing Salve |
| 6:27 | Lesser Clarity Potion |
| 6:27 | Healing Salve |
| 6:31 | Lesser Clarity Potion |
| 6:45 | Guard Tower |
| 6:46 | Scout Tower |
| 6:46 | Scout Tower |
| 7:53 | Brilliance Aura |
| 8:03 | Town Hall |
| 8:11 | Scout Tower |
| 8:12 | Scout Tower |
| 8:13 | Scout Tower |
| 8:13 | Scout Tower |
| 8:38 | Storm Bolt |
| 8:46 | Peasant |
| 8:46 | Peasant |
| 8:46 | Peasant |
| 8:47 | Advanced Lumber Harvesting |
| 9:16 | Guard Tower |
| 9:17 | Guard Tower |
| 9:20 | Peasant |
| 9:22 | Arcane Tower |
| 9:29 | Boots of Speed |
| 9:37 | Staff of Teleportation |
| 9:49 | Peasant |
| 9:49 | Peasant |
| 9:51 | Guard Tower |
| 9:54 | Guard Tower |
| 9:59 | Scout Tower |
| 10:25 | Blizzard |
| 10:46 | Guard Tower |
| 10:48 | Scout Tower |
| 10:48 | Scout Tower |
| 10:49 | Scout Tower |
| 10:50 | Peasant |
| 10:50 | Peasant |
| 10:53 | Healing Salve |
| 10:54 | Healing Salve |
| 12:04 | Holy Light |
| 12:14 | Bash |
| 12:56 | Guard Tower |
| 12:57 | Scout Tower |
| 12:59 | Scout Tower |
| 12:59 | Peasant |
| 12:59 | Peasant |
| 13:03 | Healing Salve |
| 13:03 | Healing Salve |
| 13:03 | Lesser Clarity Potion |
| 13:11 | Scout Tower |
| 13:12 | Scout Tower |
| 13:13 | Scout Tower |
| 13:30 | Imbued Masonry |
| 13:31 | Arcane Sanctum |
| 13:54 | Arcane Vault |
| 13:56 | Arcane Vault |
| 13:57 | Scout Tower |
| 14:03 | Guard Tower |
| 14:04 | Guard Tower |
| 14:04 | Scout Tower |
| 14:07 | Peasant |
| 14:07 | Peasant |
| 14:25 | Arcane Vault |
| 14:33 | Guard Tower |
| 14:34 | Scout Tower |
| 14:36 | Guard Tower |
| 14:38 | Guard Tower |
| 14:40 | Scout Tower |
| 14:40 | Scout Tower |
| 14:59 | Divine Shield |
| 15:09 | Guard Tower |
| 15:16 | Town Hall |
| 15:17 | Scout Tower |
| 15:18 | Scout Tower |
| 15:18 | Scout Tower |
| 15:19 | Scout Tower |
| 15:19 | Scout Tower |
| 15:20 | Scout Tower |
| 15:23 | Boots of Speed |
| 15:23 | Staff of Teleportation |
| 15:24 | Periapt of Vitality |
| 15:28 | Circlet of Nobility |
| 15:35 | Arcane Tower |
| 15:41 | Arcane Vault |
| 15:47 | Staff of Sanctuary |
| 15:52 | Orb of Lightning |
| 15:55 | Orb of Fire |
| 16:17 | Staff of Sanctuary |
| 16:23 | Guard Tower |
| 16:27 | Magic Sentry |
| 16:27 | Priest Adept Training |
| 16:28 | Priest |
| 16:51 | Lesser Clarity Potion |
| 17:08 | Staff of Sanctuary |
| 17:19 | Scout Tower |
| 17:20 | Scout Tower |
| 17:20 | Scout Tower |
| 17:21 | Scout Tower |
| 17:23 | Scout Tower |
| 17:23 | Scout Tower |
| 17:23 | Scout Tower |
| 17:24 | Scout Tower |
| 17:24 | Scout Tower |
| 17:25 | Scout Tower |
| 17:29 | Storm Bolt |
| 17:36 | Boots of Speed |
| 17:36 | Staff of Teleportation |
| 18:11 | Arcane Tower |
| 19:04 | Priest |
| 19:40 | Arcane Tower |
| 19:44 | Peasant |
| 19:44 | Peasant |
| 19:45 | Guard Tower |
| 20:05 | Orb of Lightning |
| 21:02 | Guard Tower |
| 21:33 | Holy Light |
| 23:33 | Brilliance Aura |
| 23:50 | Bash |
| 23:56 | Guard Tower |
| 24:37 | Divine Shield |
| 24:59 | Priest |
| Right click | 1748 |
| Select group | 1113 |
| Assign group | 485 |
| Select | 281 |
| Chat | 154 |
| Build/train/purchase | 138 |
| Use ability | 116 |
| Misc. action | 16 |
| Item give/drop | 9 |
| Minimap ping | 1 |


| Orb of Lightning | 2 | 750 |
| Healing Salve | 2 | 200 |
| Boots of Speed | 2 | 500 |
| Staff of Teleportation | 2 | 300 |
| Staff of Sanctuary | 1 | 250 |
| total: | 9 | 2000g |
| Peon | 14 | 1050 | / | 0 |
| Troll Batrider | 9 | 1440 | / | 360 |
| total: | 23 | 2490g | / | 360w |
| Watch Tower | 18 | 1980 | / | 1440 |
| Altar of Storms | 1 | 180 | / | 50 |
| Orc Burrow | 3 | 480 | / | 120 |
| War Mill | 1 | 205 | / | 0 |
| Voodoo Lounge | 3 | 390 | / | 90 |
| Great Hall | 1 | 385 | / | 185 |
| Beastiary | 5 | 725 | / | 700 |
| Stronghold | 1 | 315 | / | 190 |
| Fortress | 1 | 325 | / | 190 |
| total: | 32 | 4345g | / | 2585w |
| 0:02 | Peon |
| 0:02 | Peon |
| 0:05 | Altar of Storms |
| 0:18 | Orc Burrow |
| 0:23 | Peon |
| 0:39 | Peon |
| 0:48 | War Mill |
| 0:56 | Peon |
| 1:09 | Voodoo Lounge |
| 1:16 | Peon |
| 1:25 | Peon |
| 1:35 | Peon |
| 1:45 | Orc Burrow |
| 1:57 | Peon |
| 2:05 | Watch Tower |
| 2:09 | Wind Walk |
| 2:21 | Watch Tower |
| 2:23 | Peon |
| 2:34 | Peon |
| 2:46 | Watch Tower |
| 2:54 | Peon |
| 3:01 | Watch Tower |
| 3:12 | Watch Tower |
| 3:23 | Peon |
| 3:24 | Peon |
| 8:02 | Stronghold |
| 8:06 | Watch Tower |
| 8:14 | Watch Tower |
| 8:16 | Watch Tower |
| 8:30 | Orc Burrow |
| 8:32 | Spiked Barricades |
| 9:15 | Watch Tower |
| 9:20 | Voodoo Lounge |
| 9:22 | Voodoo Lounge |
| 9:30 | Watch Tower |
| 9:31 | Watch Tower |
| 10:13 | Boots of Speed |
| 10:15 | Staff of Teleportation |
| 10:25 | Critical Strike |
| 10:28 | Watch Tower |
| 10:31 | Beastiary |
| 10:33 | Beastiary |
| 10:45 | Fortress |
| 10:58 | Watch Tower |
| 11:00 | Watch Tower |
| 11:06 | Watch Tower |
| 11:23 | Steel Ranged Weapons |
| 11:23 | Reinforced Defenses |
| 11:24 | Improved Spiked Barricades |
| 11:27 | Hex |
| 11:34 | Watch Tower |
| 11:41 | Watch Tower |
| 11:44 | Watch Tower |
| 11:45 | Troll Batrider |
| 12:20 | Troll Batrider |
| 12:25 | Beastiary |
| 13:04 | Troll Batrider |
| 13:09 | Liquid Fire |
| 13:24 | Thorium Ranged Weapons |
| 14:28 | Healing Wave |
| 14:39 | Great Hall |
| 14:45 | Steel Armor |
| 15:26 | Boots of Speed |
| 15:26 | Staff of Teleportation |
| 16:28 | Troll Batrider |
| 16:32 | Beastiary |
| 16:41 | Orb of Lightning |
| 16:42 | Healing Salve |
| 17:19 | Wind Walk |
| 17:28 | Troll Batrider |
| 17:45 | Troll Batrider |
| 18:06 | Beastiary |
| 18:30 | Troll Batrider |
| 18:44 | Healing Salve |
| 18:47 | Orb of Lightning |
| 19:52 | Staff of Sanctuary |
| 20:00 | Arcanite Ranged Weapons |
| 20:00 | Thorium Armor |
| 20:45 | Healing Wave |
| 22:30 | Critical Strike |
| 22:45 | Troll Batrider |
| 23:39 | Troll Batrider |
| 24:02 | Arcanite Armor |
| 24:29 | Hex |
| Right click | 1329 |
| Select group | 473 |
| Select | 328 |
| Build/train/purchase | 64 |
| Misc. action | 53 |
| Use ability | 36 |
| Assign group | 15 |
| Minimap ping | 3 |
| Item give/drop | 2 |
| Esc | 1 |
162 units @ 21.6k
/ 1.8k
66 buildings @ 10.7k
/ 4.9k

| Healing Salve | 2 | 200 |
| total: | 2 | 200g |
| Peon | 20 | 1500 | / | 0 |
| Grunt | 17 | 3400 | / | 0 |
| Troll Headhunter | 8 | 1120 | / | 160 |
| Shaman | 3 | 390 | / | 60 |
| Wind Rider | 4 | 1060 | / | 160 |
| Troll Berserker | 6 | 840 | / | 120 |
| total: | 58 | 8310g | / | 500w |
| Watch Tower | 10 | 1100 | / | 800 |
| Altar of Storms | 1 | 180 | / | 50 |
| Orc Burrow | 10 | 1600 | / | 400 |
| Barracks | 2 | 360 | / | 100 |
| Voodoo Lounge | 1 | 130 | / | 30 |
| War Mill | 1 | 205 | / | 0 |
| Great Hall | 1 | 385 | / | 185 |
| Spirit Lodge | 2 | 300 | / | 300 |
| Beastiary | 2 | 290 | / | 280 |
| Stronghold | 1 | 315 | / | 190 |
| Fortress | 1 | 325 | / | 190 |
| total: | 30 | 4550g | / | 2145w |
| 0:05 | Altar of Storms |
| 0:06 | Peon |
| 0:07 | Peon |
| 0:08 | Orc Burrow |
| 0:32 | Barracks |
| 0:46 | Peon |
| 1:01 | Peon |
| 1:17 | Peon |
| 1:36 | Orc Burrow |
| 1:45 | Grunt |
| 2:08 | Feral Spirit |
| 2:32 | Orc Burrow |
| 2:33 | Grunt |
| 3:39 | Grunt |
| 3:45 | Peon |
| 4:00 | Peon |
| 4:03 | Voodoo Lounge |
| 4:13 | Peon |
| 4:16 | Grunt |
| 4:40 | Grunt |
| 5:24 | Chain Lighting |
| 5:28 | Healing Salve |
| 5:34 | Grunt |
| 5:36 | Stronghold |
| 6:07 | Orc Burrow |
| 6:09 | Grunt |
| 7:22 | Grunt |
| 7:22 | Grunt |
| 8:00 | Spirit Lodge |
| 8:43 | Chain Lighting |
| 9:28 | Berserker Strength |
| 9:35 | Spirit Lodge |
| 9:43 | War Mill |
| 10:02 | Great Hall |
| 10:07 | Peon |
| 11:48 | Reinforced Defenses |
| 11:49 | Shaman Adept Training |
| 11:52 | Troll Headhunter |
| 11:52 | Troll Headhunter |
| 11:53 | Troll Headhunter |
| 12:46 | Troll Regeneration |
| 12:49 | Peon |
| 12:49 | Peon |
| 12:50 | Peon |
| 12:50 | Peon |
| 12:55 | Peon |
| 12:56 | Peon |
| 13:00 | Healing Salve |
| 13:09 | Watch Tower |
| 13:21 | Watch Tower |
| 13:39 | Peon |
| 13:39 | Peon |
| 13:53 | Orc Burrow |
| 13:56 | Peon |
| 14:03 | Steel Melee Weapons |
| 14:30 | Peon |
| 14:30 | Peon |
| 14:58 | Grunt |
| 14:58 | Grunt |
| 15:01 | Fortress |
| 15:12 | Orc Burrow |
| 15:58 | Beastiary |
| 16:35 | Orc Burrow |
| 16:38 | Troll Headhunter |
| 16:38 | Troll Headhunter |
| 16:48 | Watch Tower |
| 18:10 | Berserker Upgrade |
| 18:12 | Shaman Master Training |
| 18:31 | Troll Headhunter |
| 18:32 | Troll Headhunter |
| 18:32 | Troll Headhunter |
| 18:34 | Shaman |
| 18:34 | Shaman |
| 18:39 | Envenomed Spears |
| 18:40 | Wind Rider |
| 18:40 | Wind Rider |
| 18:40 | Wind Rider |
| 18:50 | Steel Armor |
| 19:42 | Troll Berserker |
| 19:43 | Troll Berserker |
| 19:47 | Wind Rider |
| 19:53 | Beastiary |
| 20:00 | Barracks |
| 20:05 | Steel Ranged Weapons |
| 20:51 | Troll Berserker |
| 20:51 | Troll Berserker |
| 21:02 | Troll Berserker |
| 21:02 | Troll Berserker |
| 21:05 | Orc Burrow |
| 21:08 | Orc Burrow |
| 21:11 | Orc Burrow |
| 22:18 | Grunt |
| 22:18 | Grunt |
| 22:18 | Grunt |
| 22:18 | Grunt |
| 22:21 | Grunt |
| 22:21 | Grunt |
| 22:24 | Shaman |
| 23:29 | Watch Tower |
| 23:31 | Watch Tower |
| 23:33 | Watch Tower |
| 23:34 | Watch Tower |
| 23:56 | Spiked Barricades |
| 24:43 | Watch Tower |
| 24:45 | Watch Tower |
| 24:46 | Watch Tower |
| Right click | 980 |
| Select | 486 |
| Build/train/purchase | 102 |
| Use ability | 19 |
| Select group | 15 |
| Assign group | 6 |
| Minimap ping | 3 |
| Misc. action | 1 |
| Remove unit | 1 |


| Lesser Clarity Potion | 1 | 70 |
| Scroll of Town Portal | 1 | 350 |
| total: | 2 | 420g |
| Wisp | 22 | 1320 | / | 0 |
| Archer | 18 | 2340 | / | 180 |
| Huntress | 8 | 1560 | / | 160 |
| Dryad | 3 | 435 | / | 180 |
| Mountain Giant | 2 | 700 | / | 200 |
| Faerie Dragon | 1 | 155 | / | 25 |
| Harpy Rogue | 1 | 215 | / | 20 |
| total: | 55 | 6725g | / | 765w |
| Ancient Protector | 7 | 945 | / | 560 |
| Moon Well | 5 | 900 | / | 200 |
| Ancient of War | 1 | 150 | / | 60 |
| Altar of Elders | 1 | 180 | / | 50 |
| Hunter's Hall | 1 | 210 | / | 100 |
| Ancient of Wonders | 1 | 90 | / | 30 |
| Tree of Life | 3 | 1020 | / | 555 |
| Ancient of Lore | 1 | 155 | / | 145 |
| Ancient of Wind | 1 | 150 | / | 140 |
| Tree of Ages | 1 | 320 | / | 180 |
| total: | 21 | 3800g | / | 1840w |
| 0:07 | Moon Well |
| 0:11 | Ancient of War |
| 0:15 | Altar of Elders |
| 0:23 | Wisp |
| 0:42 | Wisp |
| 0:55 | Wisp |
| 1:28 | Archer |
| 1:51 | Archer |
| 1:55 | Archer |
| 2:02 | Wisp |
| 2:26 | Moon Well |
| 2:30 | Force of Nature |
| 3:26 | Hunter's Hall |
| 3:28 | Archer |
| 3:29 | Archer |
| 4:13 | Wisp |
| 4:13 | Wisp |
| 4:53 | Ancient of Wonders |
| 5:05 | Entangling Roots |
| 5:21 | Huntress |
| 5:21 | Huntress |
| 5:22 | Archer |
| 5:22 | Archer |
| 5:49 | Archer |
| 5:52 | Wisp |
| 5:52 | Wisp |
| 5:52 | Wisp |
| 5:53 | Wisp |
| 7:19 | Huntress |
| 7:19 | Huntress |
| 7:19 | Archer |
| 7:20 | Archer |
| 7:20 | Archer |
| 7:42 | Wisp |
| 8:06 | Moon Well |
| 8:23 | Moon Well |
| 8:36 | Strength of the Moon |
| 9:08 | Ancient Protector |
| 9:32 | Ancient Protector |
| 9:38 | Wisp |
| 9:39 | Wisp |
| 10:09 | Ancient Protector |
| 10:18 | Wisp |
| 10:18 | Wisp |
| 10:54 | Thorns Aura |
| 11:25 | Tree of Ages |
| 12:57 | Archer |
| 12:57 | Archer |
| 12:58 | Huntress |
| 12:58 | Huntress |
| 13:12 | Archer |
| 13:48 | Ancient of Lore |
| 13:52 | Strength of the Wild |
| 14:05 | Ancient Protector |
| 14:34 | Wisp |
| 14:35 | Wisp |
| 14:54 | Ancient of Wind |
| 15:41 | Harpy Rogue |
| 15:56 | Ancient Protector |
| 16:03 | Abolish Magic |
| 16:04 | Dryad |
| 16:04 | Mountain Giant |
| 16:42 | Shadow Strike |
| 16:49 | Dryad |
| 17:09 | Scroll of Town Portal |
| 17:22 | Wisp |
| 18:11 | Tree of Life |
| 19:42 | Ancient Protector |
| 19:48 | Mountain Giant |
| 19:49 | Dryad |
| 19:54 | Wisp |
| 19:55 | Wisp |
| 19:56 | Wisp |
| 19:57 | Wisp |
| 20:06 | Moon Well |
| 20:22 | Faerie Dragon |
| 21:02 | Archer |
| 21:02 | Archer |
| 21:02 | Archer |
| 21:03 | Huntress |
| 21:03 | Huntress |
| 21:04 | Archer |
| 22:05 | Tree of Life |
| 23:05 | Lesser Clarity Potion |
| 23:13 | Ancient Protector |
| 23:45 | Tree of Life |
| Right click | 762 |
| Select | 332 |
| Build/train/purchase | 73 |
| Use ability | 23 |
| Remove unit | 5 |

| Periapt of Vitality | 1 | 325 |
| total: | 1 | 325g |
| Acolyte | 12 | 900 | / | 0 |
| Ghoul | 21 | 2520 | / | 0 |
| Crypt Fiend | 3 | 645 | / | 120 |
| Necromancer | 7 | 1015 | / | 140 |
| Meat Wagon | 4 | 920 | / | 200 |
| Razormane Medicine Man | 1 | 350 | / | 60 |
| Centaur Outrunner | 1 | 195 | / | 0 |
| total: | 49 | 6545g | / | 520w |
| Nerubian Tower | 5 | 500 | / | 100 |
| Spirit Tower | 1 | 145 | / | 40 |
| Crypt | 1 | 200 | / | 50 |
| Ziggurat | 10 | 1500 | / | 500 |
| Altar of Darkness | 1 | 180 | / | 50 |
| Graveyard | 1 | 215 | / | 0 |
| Slaughterhouse | 1 | 140 | / | 135 |
| Temple of the Damned | 1 | 155 | / | 140 |
| Halls of the Dead | 1 | 320 | / | 210 |
| Black Citadel | 1 | 325 | / | 230 |
| total: | 15 | 2390g | / | 875w |
| 0:05 | Acolyte |
| 0:05 | Acolyte |
| 0:05 | Acolyte |
| 0:09 | Crypt |
| 0:21 | Ziggurat |
| 0:40 | Altar of Darkness |
| 1:11 | Ghoul |
| 1:12 | Ghoul |
| 1:19 | Ziggurat |
| 1:49 | Ghoul |
| 1:49 | Ghoul |
| 2:09 | Graveyard |
| 2:18 | Ghoul |
| 2:30 | Ghoul |
| 2:41 | Vampiric Aura |
| 3:23 | Ghoul |
| 3:24 | Ghoul |
| 3:24 | Ghoul |
| 3:24 | Ghoul |
| 3:24 | Ghoul |
| 3:36 | Unholy Strength |
| 3:49 | Ghoul |
| 4:13 | Carrion Swarm |
| 4:25 | Halls of the Dead |
| 4:32 | Ghoul |
| 4:51 | Nerubian Tower |
| 6:54 | Acolyte |
| 6:55 | Acolyte |
| 6:55 | Acolyte |
| 7:50 | Acolyte |
| 7:51 | Acolyte |
| 8:20 | Nerubian Tower |
| 8:26 | Acolyte |
| 8:42 | Acolyte |
| 9:50 | Ziggurat |
| 9:52 | Ziggurat |
| 9:56 | Ziggurat |
| 10:07 | Ghoul |
| 11:00 | Nerubian Tower |
| 11:01 | Nerubian Tower |
| 11:20 | Periapt of Vitality |
| 13:02 | Crypt Fiend |
| 13:02 | Crypt Fiend |
| 13:03 | Crypt Fiend |
| 13:14 | Slaughterhouse |
| 13:20 | Creature Attack |
| 13:29 | Nerubian Tower |
| 14:10 | Temple of the Damned |
| 14:21 | Ghoul |
| 14:21 | Ghoul |
| 14:26 | Ghoul |
| 14:33 | Burrow |
| 14:54 | Sleep |
| 15:29 | Razormane Medicine Man |
| 15:30 | Centaur Outrunner |
| 15:40 | Ghoul |
| 15:50 | Necromancer |
| 16:04 | Necromancer |
| 16:20 | Necromancer |
| 16:38 | Web |
| 17:16 | Necromancer Adept Training |
| 17:41 | Vampiric Aura |
| 17:52 | Skeletal Mastery |
| 18:13 | Ghoul |
| 18:13 | Ghoul |
| 18:13 | Ghoul |
| 19:33 | Meat Wagon |
| 19:34 | Meat Wagon |
| 19:35 | Meat Wagon |
| 19:36 | Meat Wagon |
| 19:59 | Necromancer |
| 20:10 | Acolyte |
| 20:10 | Acolyte |
| 20:51 | Black Citadel |
| 21:10 | Necromancer |
| 21:30 | Necromancer |
| 22:16 | Ziggurat |
| 22:17 | Ziggurat |
| 22:18 | Ziggurat |
| 22:38 | Necromancer |
| 23:55 | Spirit Tower |
| 24:01 | Ziggurat |
| 24:02 | Ziggurat |
| Right click | 821 |
| Select | 538 |
| Build/train/purchase | 76 |
| Use ability | 34 |
| Assign group | 15 |
| Select group | 8 |
| Remove unit | 6 |
| Minimap ping | 6 |